 Dungeon Crawl Stone Soup version 0.27-a0-1081-ge8a0a9c698 (webtiles) character file.

Game seed: 10468045367287960683

91 tardwrangler69 the Poker (level 4, 0/35 HPs)
             Began as a Merfolk Gladiator on Apr 25, 2021.
             Killed from afar by an orc wizard (4 damage)
             ... with a magic dart
             ... on level 3 of the Dungeon.
             The game lasted 00:02:04 (2175 turns).

tardwrangler69 the Poker (Merfolk Gladiator)        Turns: 2175, Time: 00:02:05

Health: 0/35       AC:  5    Str: 15    XL:     4   Next: 57%
Magic:  4/4        EV: 13    Int:  7    God:
Gold:   166        SH:  0    Dex: 15    Spells: 3/3 levels left

rFire    . . .     SeeInvis .   a - +0 trident
rCold    . . .     Faith    .   (no shield)
rNeg     . . .     Spirit   .   b - +0 leather armour
rPois    .         Reflect  .   c - +0 helmet
rElec    .         Harm     .   (no cloak)
rCorr    .         Rampage  .   e - +0 pair of gloves
Will     .....                  (no boots)
Stlth    +.........             (no amulet)
HPRegen  0.11/turn              (no ring)
MPRegen  0.09/turn              (no ring)

@: confused
A: (nimble swimmer 2), mertail
a: no special abilities


You were on level 3 of the Dungeon.
You visited 1 branch of the dungeon, and saw 3 of its levels.

You collected 166 gold pieces.

Inventory:

Hand Weapons
 a - a +0 trident (weapon)
Missiles
 d - 3 throwing nets (quivered)
Armour
 b - a +0 leather armour (worn)
 c - a +0 helmet (worn)
 e - a +0 pair of gloves (worn)
Scrolls
 f - 2 scrolls of enchant weapon {unknown}
 g - a scroll of enchant armour {unknown}
 h - a scroll of identify {unknown}
 i - a scroll of immolation {unknown}
 k - a scroll of amnesia {unknown}
 m - 2 scrolls of noise {unknown}
Potions
 l - a potion of mutation {unknown}
 n - a potion of flight {unknown}
 o - a potion of haste {unknown}


   Skills:
 + Level 3.2 Fighting
 * Level 6.2 Polearms
 - Level 2.0 Throwing
 + Level 4.8 Dodging


You had 3 spell levels left.
You didn't know any spells.
Your spell library was empty.

Dungeon Overview and Level Annotations

Branches:
Dungeon (3/15)

Altars:


Innate Abilities, Weirdness & Mutations

((You are quick and stealthy near water. (Stealth+, EV+, Speed+++)))
Your lower body shifts to a powerful aquatic tail in water.


Message History

A puff of flame appears from out of thin air!
The puff of flame hits you.
You closely miss the orc.
You hear some strange, mumbled words.
You are confused.
You bump into the rock wall.
The orc completely misses you. Something hits you.
You bump into the rock wall.
The orc hits you with a +0 short sword. Something hits you.
You feel better. The orc hits you with a +0 short sword.
Something completely misses you. The orc hits you but does no damage.
You barely miss something. The orc hits you with a +0 short sword.
Something hits you but does no damage. The orc hits you with a +0 mace.
You hit something. The orc hits you with a +0 short sword. Something hits you.
The orc barely misses you.
You miss something. The orc hits you with a +0 short sword. Something hits you.
The orc hits you with a +0 mace.
* * * LOW HITPOINT WARNING * * *
The orc hits you but does no damage.
You hear some strange, mumbled words.
You are confused.
You're too confused to move!
A puff of flame appears from out of thin air!
The puff of flame misses you.
You're too confused to move!
The orc hits you with a +0 short sword.
* * * LOW HITPOINT WARNING * * *
The orc hits you with a +0 mace.
* * * LOW HITPOINT WARNING * * *
You bump into the rock wall.
You feel less confused. Something hits you but does no damage.
The orc hits you but does no damage. The orc wizard barely misses you.
The orc wizard points at you and mumbles some strange words.
You hear some strange, mumbled words.
You are confused.
You bump into the rock wall.
You hear some strange, mumbled words.
You are more confused.
A magic dart appears from out of thin air!
The magic dart hits you.
You die...

##...##..#.#####.:
...##...#.......>.....
..........#.########...
..#.........# ....
.....#....### ........
.........o..## #.. .....#
..#####...#oo#######..........
.. #......{.................#
...........@...............#
.....##......................
..... #.............<........
...## ##.####.####...........
#.. #...##.####^# ........
###......##.# ####...
#####...#.# #... #.#...# ##...
#...#.######)...


You could see an orc wizard and 2 orcs.

Vanquished Creatures
  An adder (D:2)
  A worm (D:3)
  4 dart slugs
  An orc (D:3)
  7 ball pythons
  3 giant cockroaches
  7 goblins
  4 hobgoblins
  8 jackals (D:2)
  10 kobolds
  3 quokkas
  7 bats
  4 frilled lizards
  3 rats
63 creatures vanquished.

Notes
Turn   | Place    | Note
-------+----------+-------------------------------------------
     0 | D:1      | tardwrangler69 the Merfolk Gladiator began the quest for
                  | the Orb.
     0 | D:1      | Reached XP level 1. HP: 16/16 MP: 1/1
   135 | D:1      | Reached XP level 2. HP: 17/23 MP: 2/2
   261 | D:1      | Reached skill level 5 in Polearms
   572 | D:1      | Reached XP level 3. HP: 28/28 MP: 3/3
  1213 | D:2      | Reached XP level 4. HP: 35/35 MP: 4/4
  1452 | D:2      | Reached skill level 6 in Polearms
  1726 | D:2      | Found a faded altar of an unknown god.
  2175 | D:3      | Killed from afar by an orc wizard

Illustrated notes

Levels and vault maps discovered:
D:1:      lightli_molten_gateway, layout_loops_cross, chequers_arboretum
D:2:      layout_basic, basic_ecumenical_altar, minmay_mini_jars
D:3:      layout_rooms, kennysheep_generic_room_4

Skill      XL: |  1  2  3  4 |
---------------+-------------+-----
Polearms       | 5 6 |  6.2
Fighting       | 3 |  3.2
Throwing       | |  2.0
Dodging        | |  4.8

Action                   |  1- 3 |  4- 6 || total
-------------------------+-------+-------++-------
Melee: Trident           |   113 |    87 ||   200
  Use: Potion            |       |     2 ||     2
 Stab: Sleeping          |     4 |     1 ||     5
Armor: Leather armour    |    45 |    24 ||    69
Dodge: Dodged            |   110 |    63 ||   173

Table legend: (Time is in decaauts)
 A = Elapsed time spent in this place.
 B = Non-inter-level travel time spent in this place.
 C = Inter-level travel time spent in this place.
 D = Time resting spent in this place.
 E = Time spent auto-exploring this place.
 F = Levels seen in this place.
 G = Mean time per level.
                   A        B        C        D        E       F      G
               +--------+--------+--------+--------+--------+-----+--------+
         Total |   2179 |   2136 |     43 |      0 |   1744 |   3 |  726.3 |
       Dungeon |   2179 |   2136 |     43 |      0 |   1744 |   3 |  726.3 |
               +--------+--------+--------+--------+--------+-----+--------+

Top non-repeatable levels by time:
     D:2: 1182 daAuts
     D:1: 863 daAuts
     D:3: 133 daAuts
